 Dungeon Crawl Stone Soup version 0.29.0-11-gd7f09526c8 (webtiles) character file.

Game seed: 6058441333922799077

95 styxcanada the Sneak (level 4, 0/23 HPs)
             Began as a Spriggan Brigand on Sept 6, 2022.
             Killed from afar by Natasha (7 damage)
             ... with a magic dart
             ... on level 2 of the Dungeon.
             The game lasted 00:05:31 (1957 turns).

styxcanada the Sneak (Spriggan Brigand)             Turns: 1957, Time: 00:05:32

Health: 0/23       AC:  3    Str:  7    XL:     4   Next: 40%
Magic:  5/5        EV: 17    Int: 12    God:
Gold:   130        SH:  0    Dex: 18    Spells: 3/3 levels left

rFire   . . .      SeeInvis +   a - +2 dagger
rCold   . . .      Faith    .   (no shield)
rNeg    . . .      Spirit   .   b - +0 robe
rPois   .          Reflect  .   (helmet restricted)
rElec   .          Harm     .   c - +0 cloak
rCorr   .          Rampage  .   (gloves unavailable)
Will    +....                   (boots unavailable)
Stlth   ++++......              (no amulet)
HPRegen 0.07/turn               k - ring of willpower
MPRegen 0.09/turn               (no ring)

@: very quick
A: very small, no large weapons, unfitting armour, see invisible, speed 3
a: no special abilities


You were on level 2 of the Dungeon.
You visited 1 branch of the dungeon, and saw 2 of its levels.

You collected 130 gold pieces.

Inventory:

Hand Weapons
 a - a +2 dagger (weapon)
Missiles
 h - 3 stones (quivered)
Armour
 b - a +0 robe (worn)
 c - a +0 cloak (worn)
Jewellery
 k - a ring of willpower (left hand)
Scrolls
 f - a scroll of fog {unknown}
 g - a scroll of enchant weapon {unknown}
 i - a scroll of teleportation {unknown}
 j - a scroll of identify {unknown}
Potions
 l - 2 potions of invisibility {unknown}


   Skills:
 * Level 2.0 Fighting
 + Level 2.6 Short Blades
 + Level 2.3 Throwing
 * Level 2.3 Dodging
 * Level 7.7 Stealth


You had 3 spell levels left.
You didn't know any spells.
Your spell library contained the following spells:

 Spells                   Type           Power      Damage    Failure   Level
 Apportation              Tloc           0%         N/A       32%         1
 Alistair's Intoxication  Tmut/Pois      0%         N/A       100%        5


Dungeon Overview and Level Annotations

Branches:
Dungeon (2/15)

Altars:

Annotations:
D:2 Natasha


Innate Abilities, Weirdness & Mutations

You are very small and have problems with some larger weapons.
You are too small for most types of armour.
You have supernaturally acute eyesight. (SInv)
You cover ground extremely quickly. (Speed+++)


Message History

Press: ? - help, Q - select action, (/) - cycle Shift-Dir - straight line, f - adder
Aim: an adder (wandering, hasn't noticed you, 46% to hit)
You throw a curare-tipped dart.
The curare-tipped dart closely misses the adder.
The adder hisses angrily.
Throw: 4 stones
Press: ? - help, Q - select action Shift-Dir - straight line, f/p - adder
Aim: an adder (46% to hit)
You throw a stone.
The stone hits the adder but does no damage.
You start resting.
An adder is nearby!
Natasha, Servant of Life and Death comes into view.
Natasha misses you.
You hit Natasha.
Natasha is lightly wounded.
Natasha barely misses you.
You hit Natasha.
Natasha is moderately wounded.
Natasha closely misses you.
You barely miss Natasha.
Natasha is moderately wounded.
Natasha completely misses you.
You hit Natasha.
Natasha is heavily wounded.
Natasha claws you.
You hit Natasha but do no damage.
Natasha is heavily wounded.
Natasha stares at you and mumbles some strange words.
The magic dart hits you!
You closely miss Natasha.
Natasha is heavily wounded.
You hit Natasha.
Natasha is severely wounded.
Natasha closely misses you.
You barely miss Natasha.
Natasha is severely wounded.
Natasha stares at you and mumbles some strange words.
The magic dart hits you!
You die...

... #.
....#.#####################
....#........(.รท(.(S......#
.............############.#
...(....(....# #.#
#..(..(.....# #### #.#
+...........>.#.. #.#
#.............#h# #.#
.......######..#@########.#
######.# #..#.#.S......#
#.######..#.#.########
#.##)..#..#.#.#
#.##...#..#.#.# #...#..#.#.#
#...#..#.#.#############
#...#..#.#...S.........#
##...#..#.#############.#


You could see Natasha.

Vanquished Creatures
  Natasha (twice) (D:2)
  A gnoll (D:1)
  A dart slug (D:1)
  5 bats (D:1)
  4 endoplasms (D:1)
  A giant cockroach (D:1)
  4 goblins
  4 hobgoblins
  A kobold (D:1)
  4 ball pythons (D:1)
  5 rats
32 creatures vanquished.

Notes
Turn   | Place    | Note
-------+----------+-------------------------------------------
     0 | D:1      | styxcanada the Spriggan Brigand began the quest for the
                  | Orb.
     0 | D:1      | Reached XP level 1. HP: 10/10 MP: 2/2
    81 | D:1      | Reached skill level 6 in Stealth
   280 | D:1      | Reached XP level 2. HP: 14/14 MP: 3/3
   622 | D:1      | Found a faded altar of an unknown god.
   777 | D:1      | Reached skill level 7 in Stealth
   798 | D:1      | Reached XP level 3. HP: 9/18 MP: 4/4
  1596 | D:2      | Noticed Natasha
  1619 | D:2      | Killed Natasha
  1620 | D:2      | Reached XP level 4. HP: 14/23 MP: 5/5
  1638 | D:2      | Noticed Natasha
  1666 | D:2      | HP: 1/23 [Natasha (5)]
  1671 | D:2      | Killed Natasha
  1946 | D:2      | Noticed Natasha
  1957 | D:2      | Killed from afar by Natasha

Illustrated notes

Levels and vault maps discovered:
D:1:      dpeg_chamrin_arrival_tetris, layout_loops_corners,
          hellmonk_ecumenical_altar_run_dry
D:2:      layout_basic, uniq_natasha, uniq_robin

Skill      XL: |  1  2  3  4 |
---------------+-------------+-----
Stealth        | 6 7 |  7.7
Dodging        | 2 |  2.3
Fighting       | 2 |  2.0
Short Blades   | |  2.6
Throwing       | |  2.3

Action                   |  1- 3 |  4- 6 || total
-------------------------+-------+-------++-------
Melee: Dagger            |    70 |    14 ||    84
       Punch             |     1 |       ||     1
Throw: Dart              |    18 |     8 ||    26
       Stone             |       |     1 ||     1
 Stab: Sleeping          |    11 |       ||    11
       Distracted        |     1 |       ||     1
Armor: Robe              |     7 |       ||     7
Dodge: Dodged            |    42 |     8 ||    50
